Map: Acid Plant LE

Players

LearningDude - Winner!

  • Race: Protoss Protoss
  • League: Gold
  • Spawn Location: 5:00

primo

  • Race: Protoss Protoss
  • Spawn Location: 11:00

VOD

Have the link to the VOD?

Description

Standard PvP

Time

  • Played on: Oct. 20, 2018, 1:08 p.m.
  • Length: 18:02
Show
View Real Time Build Order
Export as new Build Order

LearningDude Protoss - Winner!

Build Orders:  

Get SALT Encoding   

  12  0:01  Probe  
  13  0:13  Probe  
  14  0:20  Pylon  
  14  0:25  Probe  
  15  0:38  Probe  
  15  0:40  Gateway  
  16  0:50  Probe  
  16  0:52  Assimilator  
  17  0:59  Assimilator  
  17  1:03  Probe  
  18  1:15  Probe  
  19  1:18  Gateway  
  19  1:28  Probe  
  20  1:43  Probe  
  21  1:55  Probe  
  21  1:57  Cybernetics Core  
  21  1:59  Pylon  
  22  2:08  Probe  
  23  2:13  Warp Gate  
  23  2:21  Pylon  
  23  2:24  Probe  
  24  2:36  Probe  
  25  2:40  Stalker x2  
  28  2:49  Probe  
  29  2:58  Pylon  
  29  3:01  Probe  
  30  3:13  Nexus, Probe  
  31  3:25  Probe, Stalker x2  
  36  3:37  Stargate  
  36  3:40  Probe  
  37  3:52  Probe  
  38  4:00  Probe  
  39  4:17  Robotics Facility  
  39  4:22  Pylon  
  39  4:25  Phoenix  
  39  4:30  Probe x2  
  43  4:42  Probe x2  
  45  4:51  Assimilator  
  45  4:54  Probe x2  
  45  4:56  Assimilator, Phoenix  
  49  5:06  Probe  
  49  5:07  Observer, Probe  
  51  5:10  Shield Battery  
  51  5:12  Shield Battery  
  51  5:14  Pylon  
  52  5:19  Immortal  
  52  5:24  Pylon  
  56  5:32  Forge  
  56  5:37  Probe  
  56  5:40  Probe  
  58  5:45  Probe  
  59  5:52  Probe  
  59  5:56  Gateway  
  60  5:58  Gateway  
  60  5:59  Pylon  
  60  6:05  Protoss Ground Weapons Level 1  
  60  6:08  Immortal  
  60  6:10  Zealot x2  
  68  6:14  Phoenix  
  70  6:26  Probe x2  
  72  6:38  Probe x2  
  72  6:43  Immortal  
  72  6:47  Zealot x2  
  80  7:02  Zealot x2  
  84  7:20  Phoenix  
  86  7:32  Twilight Council  
  86  7:33  Immortal  
  90  7:50  Nexus  
  90  7:52  Pylon  
  90  7:55  Pylon  
  82  8:12  Immortal  
  86  8:15  Zealot x4  
  94  8:24  Photon Cannon  
  94  8:26  Photon Cannon  
  94  8:28  Photon Cannon  
  94  8:30  Photon Cannon  
  94  8:32  Charge, Photon Cannon  
  90  8:43  Protoss Ground Weapons Level 2  
  90  8:48  Zealot  
  90  8:49  Zealot x3  
  98  9:02  Templar Archives  
  98  9:17  Pylon  
  98  9:18  Pylon  
  98  9:20  Pylon  
  98  9:21  Zealot x4  
  98  9:22  Gateway  
  98  9:24  Gateway  
  102  9:49  High Templar x4  
  102  9:51  Immortal  
  106  9:56  Archon  
  106  9:57  Archon  
  110  10:18  Zealot x2  
  114  10:40  Probe x2  
  116  10:48  Assimilator  
  116  10:52  Zealot x6, Probe x2  
  116  10:53  Assimilator  
  128  11:15  High Templar x6  
  140  11:19  Archon  
  140  11:20  Archon x2  
  140  11:49  Zealot x4  
  140  11:50  Zealot x2  
  139  11:57  Protoss Ground Weapons Level 3  
  109  12:24  Zealot x5  
  109  12:25  Zealot  
  119  12:30  Probe x2  
  121  12:41  Probe  
  121  12:42  Probe  
  121  12:43  Probe  
  124  12:49  Zealot x3  
  124  12:50  Zealot x3  
  136  12:53  Probe  
  120  13:19  High Templar x3  
  116  13:20  High Templar x3  
  116  13:25  Archon x3  
  118  13:56  Zealot x4  
  118  13:57  Zealot x2  
  130  15:08  Probe  
  131  16:54  Probe  
  131  16:55  Probe x2  
  134  17:06  Probe  
  134  17:07  Probe x2  
  137  17:18  Probe  
  137  17:19  Probe x2  
Show
View Real Time Build Order
Export as new Build Order

primo Protoss 

Build Orders:  

Get SALT Encoding   

  1  0:00  Probe  
  12  0:05  Probe  
  14  0:15  Probe  
  15  0:32  Pylon  
  15  0:33  Assimilator  
  15  0:50  Probe  
  16  1:02  Probe  
  16  1:03  Gateway  
  17  1:15  Probe  
  18  1:21  Pylon  
  18  1:43  Probe  
  18  1:46  Assimilator  
  19  1:52  Cybernetics Core  
  19  1:55  Probe  
  19  1:59  Nexus  
  19  2:01  Zealot  
  22  2:08  Probe  
  23  2:26  Pylon  
  24  2:44  Probe  
  24  2:47  Stalker  
  24  2:50  Gateway  
  24  2:51  Warp Gate  
  26  2:56  Probe  
  27  3:04  Shield Battery  
  27  3:05  Probe  
  27  3:07  Shield Battery, Probe  
  29  3:13  Probe  
  29  3:15  Probe  
  31  3:33  Pylon  
  31  3:35  Stalker  
  31  3:37  Stalker  
  35  3:45  Probe  
  35  3:46  Probe  
  37  3:58  Probe x2  
  39  4:05  Stalker  
  39  4:07  Stalker  
  43  4:10  Probe x2  
  45  4:22  Probe x2  
  47  4:34  Robotics Facility  
  47  4:35  Stalker  
  49  4:41  Nexus  
  49  5:04  Gateway  
  49  5:15  Twilight Council  
  49  5:20  Forge  
  49  5:21  Warp Prism  
  49  5:25  Stalker  
  53  5:33  Pylon  
  53  5:36  Pylon  
  53  5:37  Probe  
  53  5:40  Pylon  
  54  5:44  Pylon  
  54  5:48  Assimilator  
  54  5:49  Probe, Pylon  
  54  5:51  Probe x2  
  54  5:53  Pylon  
  57  5:57  Assimilator, Probe  
  57  6:03  Probe x2  
  57  6:04  Stalker  
  62  6:07  Probe  
  62  6:08  Stalker  
  65  6:15  Probe  
  65  6:18  Blink  
  66  6:19  Probe  
  66  6:20  Protoss Ground Weapons Level 1  
  67  6:31  Probe  
  68  6:40  Stalker  
  68  6:43  Probe  
  71  6:52  Stalker  
  73  6:55  Probe  
  74  7:07  Probe  
  75  7:08  Gateway  
  75  7:11  Gateway  
  75  7:15  Gateway  
  75  7:16  Gateway  
  75  7:19  Probe  
  76  7:26  Stalker  
  76  7:27  Stalker  
  80  7:32  Probe  
  81  7:44  Probe  
  82  7:56  Probe  
  77  8:08  Stalker  
  77  8:09  Stalker  
  77  8:39  Stalker x3  
  77  8:40  Stalker x2  
  79  8:41  Stalker  
  79  8:42  Stalker  
  83  9:09  Stalker  
  85  9:10  Stalker x3  
  85  9:12  Stalker  
  85  9:13  Stalker  
  85  9:14  Stalker  
  81  9:33  Stalker x3  
  81  9:34  Stalker  
  81  9:35  Stalker  
  81  9:36  Stalker  
  93  9:41  Stalker  
  85  9:58  Nexus  
  85  10:04  Stalker  
  85  10:05  Stalker x2  
  85  10:07  Stalker x3  
  93  10:08  Stalker  
  89  10:36  Stalker  
  89  10:37  Stalker x2  
  89  10:38  Stalker x2  
  89  10:39  Stalker x2  
  79  10:59  Assimilator  
  79  11:00  Probe  
  79  11:01  Assimilator  
  79  11:03  Assimilator x2  
  80  11:07  Stalker x4  
  80  11:08  Stalker x2, Probe  
  80  11:09  Stalker  
  94  11:12  Probe  
  94  11:13  Protoss Ground Weapons Level 2  
  94  11:18  Probe  
  96  11:20  Probe  
  98  11:29  Probe  
  98  11:30  Probe  
  98  11:31  Stalker x3  
  98  11:32  Stalker  
  108  11:33  Stalker x2  
  108  11:34  Stalker  
  114  11:42  Probe x2  
  116  11:54  Probe  
  103  12:10  Stalker x3  
  103  12:11  Stalker x4  
  87  12:39  Stalker x4  
  87  12:40  Stalker  
  87  12:41  Stalker x2  
  89  13:06  Stalker  
  89  13:07  Stalker x4  
  89  13:08  Stalker  
  63  13:43  Pylon  
  63  13:46  Pylon  
  59  13:52  Zealot x2  
  59  13:53  Zealot  
  47  14:04  Gateway  
  47  14:06  Gateway  
  47  14:07  Gateway  
  47  14:09  Gateway  
  47  14:15  Gateway  
  41  14:24  Gateway  
  41  14:28  Gateway  
  41  14:38  Gateway  
  39  14:40  Gateway  
  39  14:43  Gateway  
  18  15:10  Zealot  
  18  15:11  Zealot x2  
  18  15:13  Zealot x2  
  28  15:36  Zealot  
  28  15:42  Pylon  
  30  15:43  Pylon  
  30  15:45  Pylon  
  30  15:47  Pylon  
  30  15:48  Pylon  
  30  16:00  Zealot  
  30  16:01  Zealot x2  
  36  16:05  Zealot  
  36  16:07  Zealot x2  
  36  16:11  Zealot x2  
  44  16:12  Zealot x2  
  50  16:21  Zealot  
  50  16:24  Zealot x2  
  56  16:28  Zealot x2  
  56  16:29  Zealot  
  62  16:33  Zealot x2  
  62  16:34  Zealot  
  62  16:37  Zealot  
  70  16:48  Pylon  
  70  16:49  Pylon  
  70  16:51  Pylon  
  70  16:52  Pylon  
  70  17:08  Zealot x2  
  72  17:09  Zealot  
  72  17:10  Zealot  
  72  17:11  Zealot x2  
  72  17:13  Zealot  
  72  17:15  Zealot x2  
  88  17:16  Zealot  
  90  17:31  Zealot x2  
  90  17:32  Zealot  
  90  17:34  Zealot  
Tags
 
League
Gold
Matchup
PvP
Spawn Locations
Cross Positions
Add a new tag
Caveats
  • Supply blocks, unpowered buildings, or Contaminate may cause inaccurate times.
  • Supply counts are checked every 10 seconds.